 Dungeon Crawl Stone Soup version 0.20.1-1-g8b1a95d (webtiles) character file.

18 roguezilla the Skirmisher (level 2, -5/29 HPs)
             Began as a Troll Fighter on Nov 18, 2017.
             Was an Initiate of Nemelex Xobeh.
             Slain by a rust devil (12 damage)
             ... summoned by the player character
             ... on level 2 of the Dungeon.
             The game lasted 00:04:51 (767 turns).

roguezilla the Skirmisher (Troll Fighter)            Turns: 767, Time: 00:04:51

Health: -5/29      AC: -7    Str: 23    XL:     2   Next: 48%
Magic:  0/0        EV:  6    Int:  4    God:    Nemelex Xobeh [......]
Gold:   45         SH: 13    Dex:  9    Spells: 1/1 levels left

rFire    . . .     SeeInvis .   a - +0 long sword
rCold    . . .     Gourm    +   e - +0 large shield
rNeg     . . .     Faith    .   b - +0 robe
rPois    .         Spirit   .   (helmet restricted)
rElec    .         Reflect  .   (no cloak)
rCorr    .         Harm     .   (gloves unavailable)
MR       .....     Rnd*Tele +   (boots unavailable)
Stlth    +.........             (no amulet)
Regen    0.5/turn               (no ring)
MPRegen  0.1/turn               (no ring)

@: corroded
A: unfitting armour, antennae 1, claws 3, fast metabolism 3, gourmand, low mp 1,
regeneration 1, shaggy fur 1, teleportitis 1, tough skin 2
a: Renounce Religion


You were on level 2 of the Dungeon.
You worshipped Nemelex Xobeh.
Nemelex Xobeh was noncommittal.
You were not hungry.

You visited 1 branch of the dungeon, and saw 2 of its levels.

You collected 45 gold pieces.

Inventory:

Hand Weapons
 a - a +0 long sword (weapon)
Armour
 b - a +0 robe (worn)
 e - a +0 large shield (worn)
Miscellaneous
 c - a plain deck of summoning {drawn: 1}
Comestibles
 f - 2 bread rations


   Skills:
 + Level 2.6 Fighting
 + Level 1.7 Long Blades
 + Level 2.6 Dodging
 + Level 2.6 Shields


You had one spell level left.
You didn't know any spells.

Dungeon Overview and Level Annotations

Branches:
Dungeon (2/15)

Altars:
Nemelex Xobeh


Innate Abilities, Weirdness & Mutations

You are too large for most types of armour.
You have claws for hands.
Your metabolism is lightning-fast.
You like to eat raw meat.
Your natural rate of healing is unusually fast.
You are covered in fur. (AC +1)
You have very tough skin. (AC +2)
You have a pair of small antennae on your head.
Your magical capacity is low. (-10% MP)
You are occasionally teleported next to monsters.


Message History

You hit the rust devil but do no damage.
The rust devil is moderately wounded.
The rust devil hits you! The rust devil corrodes you!
You block the rust devil's attack.
You hit the rust devil but do no damage.
The rust devil is moderately wounded.
You block the rust devil's attack. x2
You hit the rust devil.
The rust devil is heavily wounded.
The rust devil hits you! The rust devil corrodes you!
You closely miss the rust devil.
The rust devil is heavily wounded.
The rust devil hits you.
* * * LOW HITPOINT WARNING * * *
The rust devil corrodes you! You block the rust devil's attack.
You closely miss the rust devil.
The rust devil is heavily wounded.
The rust devil hits you!
You die...
Your body disappears without a glow.

.........# .#
#......<.###.#.
...........#. .#
..........#.. .#.#
#........#.####.#.#
#........#......#.#
#.†......#.⌠.⌠.##.#
#.h......#.._..##.#
##@#####.#.⌠.⌠###.#
#4# #.#...####..
#.# #.#.........
#.# #..#.#######
#.# ##.#.# #.#
#.#.####### #.#
#.#........ #.#
#.######### #.# #.#
#


You could see a rust devil and a friendly hell hound.

Vanquished Creatures
  A dart slug (D:1)
  A goblin (D:1)
  3 hobgoblins (D:1)
  2 jackals (D:1)
  A bat (D:1)
  A frilled lizard (D:1)
  2 kobolds
  4 rats (D:1)
15 creatures vanquished.

Vanquished Creatures (collateral kills)
  A hobgoblin (D:2)
1 creature vanquished.

Grand Total: 16 creatures vanquished

Notes
Turn   | Place    | Note
-------+----------+-------------------------------------------
     0 | D:1      | roguezilla the Troll Fighter began the quest for the Orb.
     0 | D:1      | Reached XP level 1. HP: 22/22 MP: 0/0
   169 | D:1      | Reached XP level 2. HP: 27/29 MP: 1/1
   211 | D:1      | Gained mutation: Your magical capacity is low. (-10% MP) [potion of mutation]
   211 | D:1      | Gained mutation: You are occasionally teleported next to monsters. [potion of mutation]
   211 | D:1      | Gained mutation: You have a pair of small antennae on your head. [potion of mutation]
   543 | D:2      | Found a sparkling altar of Nemelex Xobeh.
   548 | D:2      | Became a worshipper of Nemelex Xobeh the Trickster
   747 | D:2      | Received a gift from Nemelex Xobeh
   751 | D:2      | Noticed a rust devil
   767 | D:2      | Slain by a rust devil

Action                   || total
-------------------------++-------
Melee: Long sword        ||    46
Evoke: Deck              ||     1
  Use: Potion            ||     3
       Scroll            ||     2
  Eat: Bread ration      ||     1
Armor: Robe              ||    17
Dodge: Dodged            ||     8
Block: Large shield      ||    42
       Rpst.: Long sword ||     5
